[ AOE2 MATCH · #495387807 ]
UnrankedHindustanis vs Vikings
Rival team · LOSS
[ REPLAY ANALYSIS · EXTRACTED FROM THE RECORDED GAME ]
Feudal
9:16
Castle
21:18
Imperial
37:22
| APM avg | 58.6 |
| APM peak | 104 |
| eAPM avg | 23.5 |
| Villagers / military | 130 / 127 |
Focus
⚔️ 34.1% · 🌾 65.9%
Cavalry Archer ×60 · Ghulam ×28 · Skirmisher ×20 · Hand Cannoneer ×5 · Trebuchet (Packed) ×5 · Fishing Ship ×4
Feudal
9:09
Castle
21:57
Imperial
39:49
| APM avg | 55.6 |
| APM peak | 99 |
| eAPM avg | 32.8 |
| Villagers / military | 210 / 166 |
Focus
⚔️ 37.2% · 🌾 62.8%
Skirmisher ×56 · Archer ×54 · Berserk ×29 · Militia ×17 · Scorpion ×6 · Mangonel ×3
Match map
Initial resources + every placement click. Lines = walls · curves = elevation contours. ◆ gold · ⬟ stone · ● berries · ✦ relic · ◌ wall gap
Your base· Open — 5t gap
Chdid's base· Open — 4t gap
Smoothed initial terrain · ◌ = detected wall gap · hover for details
Inputs per minute
— DS_Tortafuller - - Chdid
Build order — DS_Tortafuller
First 150 of 362 actions detected
| 0:01 | Create | Villager (Male) |
| 0:01 | Create | Villager (Male) |
| 0:01 | Create | Villager (Male) |
| 0:02 | Create | Villager (Male) |
| 0:02 | Create | Villager (Male) |
| 0:03 | Build | House |
| 0:04 | Build | House |
| 1:16 | Create | Villager (Male) |
| 1:36 | Create | Villager (Male) |
| 2:19 | Create | Villager (Male) |
| 2:19 | Create | Villager (Male) |
| 2:19 | Create | Villager (Male) |
| 2:24 | Build | Lumber Camp |
| 3:11 | Create | Villager (Male) |
| 3:11 | Create | Villager (Male) |
| 3:11 | Create | Villager (Male) |
| 3:43 | Build | House |
| 4:24 | Create | Villager (Male) |
| 4:33 | Create | Villager (Male) |
| 4:37 | Create | Villager (Male) |
| 4:56 | Build | Mill |
| 4:59 | Create | Villager (Male) |
| 5:04 | Create | Villager (Male) |
| 5:29 | Create | Villager (Male) |
| 5:55 | Create | Villager (Male) |
| 6:06 | Build | House |
| 6:24 | Research | Loom |
| 6:39 | Build | House |
| 6:50 | Research | Feudal Age |
| 7:23 | Build | Palisade Wall |
| 7:34 | Build | Dock |
| 7:38 | Create | Villager (Male) |
| 7:52 | Build | Palisade Wall |
| 7:54 | Build | Palisade Wall |
| 8:01 | Create | Villager (Male) |
| 8:02 | Build | Palisade Wall |
| 8:08 | Build | Palisade Wall |
| 8:28 | Create | Fishing Ship |
| 9:09 | Build | Barracks |
| 9:16 | Age | Feudal Age |
| 9:32 | Create | Fishing Ship |
| 9:56 | Create | Villager (Male) |
| 10:15 | Build | House |
| 10:19 | Build | Palisade Wall |
| 10:19 | Create | Villager (Male) |
| 10:21 | Create | Villager (Male) |
| 10:40 | Research | Double-Bit Axe |
| 10:55 | Create | Villager (Male) |
| 10:57 | Build | Mining Camp |
| 10:59 | Build | Archery Range |
| 11:25 | Build | Palisade Wall |
| 11:26 | Create | Fishing Ship |
| 11:34 | Create | Villager (Male) |
| 11:35 | Create | Fishing Ship |
| 11:50 | Create | Villager (Male) |
| 11:55 | Build | Mill |
| 12:14 | Create | Skirmisher |
| 12:15 | Create | Skirmisher |
| 12:29 | Build | Farm |
| 12:31 | Create | Villager (Male) |
| 12:31 | Create | Villager (Male) |
| 12:51 | Build | House |
| 12:53 | Create | Skirmisher |
| 12:54 | Create | Villager (Male) |
| 12:58 | Build | House |
| 13:05 | Build | Palisade Wall |
| 13:08 | Create | Villager (Male) |
| 13:10 | Create | Skirmisher |
| 13:24 | Create | Skirmisher |
| 13:32 | Build | House |
| 13:38 | Create | Skirmisher |
| 13:43 | Create | Villager (Male) |
| 13:50 | Build | Farm |
| 13:50 | Build | Farm |
| 13:51 | Build | Farm |
| 13:54 | Build | Palisade Wall |
| 13:55 | Build | Palisade Wall |
| 14:01 | Create | Skirmisher |
| 14:05 | Create | Skirmisher |
| 14:17 | Create | Skirmisher |
| 14:25 | Build | Blacksmith |
| 14:37 | Build | Palisade Wall |
| 14:42 | Build | Palisade Gate |
| 14:47 | Create | Skirmisher |
| 14:57 | Build | Palisade Gate |
| 15:09 | Build | Palisade Gate |
| 15:53 | Create | Villager (Male) |
| 15:58 | Research | Fletching |
| 16:06 | Create | Villager (Male) |
| 16:08 | Build | Farm |
| 16:09 | Build | Farm |
| 16:11 | Build | Farm |
| 16:12 | Create | Villager (Male) |
| 16:30 | Research | Town Watch |
| 16:40 | Build | Farm |
| 16:41 | Create | Villager (Male) |
| 16:53 | Create | Spearman |
| 17:01 | Create | Villager (Male) |
| 17:02 | Create | Skirmisher |
| 17:02 | Create | Skirmisher |
| 17:35 | Build | Palisade Wall |
| 17:37 | Build | Palisade Wall |
| 17:53 | Create | Spearman |
| 17:54 | Create | Villager (Male) |
| 17:55 | Create | Villager (Male) |
| 17:59 | Build | Farm |
| 17:59 | Build | Farm |
| 18:00 | Build | Farm |
| 18:16 | Create | Skirmisher |
| 18:38 | Research | Castle Age |
| 19:04 | Build | House |
| 19:18 | Create | Skirmisher |
| 19:34 | Create | Skirmisher |
| 19:57 | Create | Villager (Male) |
| 20:02 | Build | Farm |
| 20:03 | Create | Villager (Male) |
| 20:51 | Build | House |
| 21:02 | Research | Padded Archer Armor |
| 21:15 | Build | House |
| 21:18 | Age | Castle Age |
| 21:20 | Build | Town Center |
| 21:43 | Build | Siege Workshop |
| 21:47 | Create | Villager (Male) |
| 21:50 | Create | Cavalry Archer |
| 21:50 | Create | Cavalry Archer |
| 21:55 | Research | Bodkin Arrow |
| 22:01 | Create | Villager (Male) |
| 22:12 | Create | Villager (Male) |
| 22:15 | Research | Leather Archer Armor |
| 22:25 | Build | Archery Range |
| 22:28 | Create | Mangonel |
| 22:36 | Create | Villager (Male) |
| 22:41 | Create | Villager (Male) |
| 22:42 | Create | Villager (Male) |
| 22:43 | Create | Villager (Male) |
| 22:46 | Create | Villager (Male) |
| 22:54 | Research | Bow Saw |
| 22:57 | Build | Lumber Camp |
| 23:12 | Create | Cavalry Archer |
| 23:12 | Create | Cavalry Archer |
| 23:50 | Create | Cavalry Archer ×5 |
| 23:50 | Create | Cavalry Archer |
| 23:51 | Create | Villager (Male) |
| 24:11 | Create | Villager (Male) |
| 24:15 | Build | House |
| 24:34 | Create | Skirmisher ×5 |
| 24:35 | Create | Cavalry Archer ×3 |
| 24:45 | Create | Mangonel |
| 24:52 | Create | Cavalry Archer |
| 24:52 | Create | Villager (Male) |
Build order — Chdid
First 150 of 495 actions detected
| 0:02 | Create | Villager (Male) |
| 0:02 | Create | Villager (Male) |
| 0:03 | Build | House |
| 0:06 | Build | House |
| 0:08 | Create | Villager (Male) |
| 0:08 | Create | Villager (Male) |
| 1:13 | Create | Villager (Male) |
| 1:13 | Create | Villager (Male) |
| 1:13 | Create | Villager (Male) |
| 1:48 | Build | Lumber Camp |
| 1:49 | Create | Villager (Male) |
| 1:49 | Create | Villager (Male) |
| 2:10 | Build | Lumber Camp |
| 2:16 | Create | Villager (Male) |
| 2:17 | Create | Villager (Male) |
| 2:42 | Create | Villager (Male) |
| 2:42 | Create | Villager (Male) |
| 2:42 | Create | Villager (Male) |
| 3:07 | Create | Villager (Male) |
| 3:07 | Create | Villager (Male) |
| 3:07 | Create | Villager (Male) |
| 3:29 | Build | House |
| 3:39 | Create | Villager (Male) |
| 3:40 | Create | Villager (Male) |
| 4:06 | Create | Villager (Male) |
| 4:07 | Create | Villager (Male) |
| 4:10 | Create | Villager (Male) |
| 4:10 | Create | Villager (Male) |
| 4:11 | Create | Villager (Male) |
| 4:29 | Create | Villager (Male) |
| 4:29 | Create | Villager (Male) |
| 4:30 | Create | Villager (Male) |
| 4:59 | Create | Villager (Male) |
| 5:12 | Create | Villager (Male) |
| 5:13 | Research | Loom |
| 5:30 | Build | Barracks |
| 6:59 | Research | Feudal Age |
| 6:59 | Research | Feudal Age |
| 7:19 | Build | Mining Camp |
| 7:41 | Build | House |
| 8:10 | Create | Villager (Male) |
| 9:09 | Age | Feudal Age |
| 9:11 | Build | Archery Range |
| 9:22 | Build | Archery Range |
| 9:26 | Create | Villager (Male) |
| 9:27 | Create | Spearman |
| 10:01 | Create | Villager (Male) |
| 10:02 | Create | Archer |
| 10:09 | Create | Villager (Male) |
| 10:11 | Build | House |
| 10:14 | Create | Archer |
| 10:18 | Create | Archer |
| 10:18 | Create | Archer |
| 10:35 | Create | Archer |
| 10:36 | Create | Villager (Male) |
| 10:37 | Create | Villager (Male) |
| 10:37 | Create | Villager (Male) |
| 10:41 | Research | Town Watch |
| 10:47 | Create | Archer |
| 10:47 | Create | Archer |
| 10:47 | Create | Archer |
| 11:00 | Create | Villager (Male) |
| 11:01 | Build | Blacksmith |
| 11:26 | Create | Archer |
| 11:26 | Create | Archer |
| 11:27 | Create | Archer |
| 11:27 | Create | Archer |
| 11:27 | Create | Archer |
| 11:34 | Build | House |
| 11:41 | Create | Archer |
| 11:41 | Create | Archer |
| 11:56 | Create | Villager (Male) |
| 12:05 | Create | Villager (Male) |
| 12:05 | Create | Villager (Male) |
| 12:05 | Create | Villager (Male) |
| 12:05 | Create | Villager (Male) |
| 12:18 | Create | Archer |
| 12:18 | Create | Archer |
| 12:25 | Build | Mill |
| 12:39 | Build | House |
| 12:54 | Build | House |
| 12:58 | Create | Archer |
| 12:58 | Create | Archer |
| 13:19 | Research | Fletching |
| 13:19 | Research | Fletching |
| 13:31 | Build | Mill |
| 13:40 | Create | Archer |
| 13:40 | Create | Archer |
| 13:40 | Create | Archer |
| 13:40 | Create | Archer |
| 14:07 | Create | Archer |
| 14:08 | Create | Villager (Male) |
| 14:08 | Create | Villager (Male) |
| 14:08 | Create | Villager (Male) |
| 14:13 | Build | Lumber Camp |
| 15:05 | Create | Villager (Male) |
| 15:06 | Create | Archer |
| 15:06 | Create | Archer |
| 15:06 | Create | Archer |
| 15:06 | Create | Archer |
| 15:17 | Create | Villager (Male) |
| 15:35 | Create | Villager (Male) |
| 15:39 | Research | Horse Collar |
| 15:39 | Research | Horse Collar |
| 15:45 | Create | Villager (Male) |
| 15:58 | Create | Villager (Male) |
| 16:00 | Build | Farm |
| 16:00 | Build | Farm |
| 16:01 | Build | Farm |
| 16:01 | Build | Farm |
| 16:01 | Build | Farm |
| 16:17 | Create | Villager (Male) |
| 16:18 | Create | Villager (Male) |
| 16:18 | Create | Villager (Male) |
| 16:51 | Create | Villager (Male) |
| 16:52 | Build | Farm |
| 16:53 | Build | Farm |
| 16:54 | Create | Villager (Male) |
| 16:55 | Create | Villager (Male) |
| 16:55 | Create | Villager (Male) |
| 16:55 | Create | Villager (Male) |
| 17:00 | Create | Villager (Male) |
| 17:15 | Create | Villager (Male) |
| 17:16 | Build | Farm |
| 17:17 | Build | Farm |
| 17:42 | Create | Villager (Male) |
| 17:53 | Create | Villager (Male) |
| 18:05 | Build | Market |
| 18:06 | Build | House |
| 18:14 | Create | Villager (Male) |
| 18:59 | Build | Farm |
| 18:59 | Build | Farm |
| 19:09 | Create | Villager (Male) |
| 19:17 | Research | Castle Age |
| 19:17 | Research | Castle Age |
| 19:31 | Build | Mining Camp |
| 19:59 | Research | Scale Barding Armor |
| 19:59 | Research | Scale Mail Armor |
| 19:59 | Research | Forging |
| 20:03 | Research | Forging |
| 20:03 | Research | Scale Mail Armor |
| 20:11 | Research | Double-Bit Axe |
| 20:11 | Research | Double-Bit Axe |
| 20:32 | Create | Militia |
| 20:37 | Research | Scale Mail Armor |
| 20:37 | Research | Scale Mail Armor |
| 20:37 | Research | Scale Mail Armor |
| 20:39 | Create | Militia |
| 20:42 | Research | Man-at-Arms (upgrade) |
| 20:56 | Create | Militia |
Match timeline
| 5:30 | Chdid · first_building Barracks |
| 7:23 | DS_Tortafuller · wall_segment Palisade Wall x1 |
| 7:34 | DS_Tortafuller · first_building Dock |
| 7:52 | DS_Tortafuller · wall_segment Palisade Wall x1 |
| 7:54 | DS_Tortafuller · wall_segment Palisade Wall x1 |
| 8:02 | DS_Tortafuller · wall_segment Palisade Wall x1 |
| 8:08 | DS_Tortafuller · wall_segment Palisade Wall x1 |
| 9:09 | Chdid · age_up feudal |
| 9:09 | DS_Tortafuller · first_building Barracks |
| 9:11 | Chdid · first_building Archery Range |
| 9:16 | DS_Tortafuller · age_up feudal |
| 10:19 | DS_Tortafuller · wall_segment Palisade Wall x3 |
| 10:59 | DS_Tortafuller · first_building Archery Range |
| 11:25 | DS_Tortafuller · wall_segment Palisade Wall x1 |
| 13:05 | DS_Tortafuller · wall_segment Palisade Wall x3 |
| 13:54 | DS_Tortafuller · wall_segment Palisade Wall x1 |
| 13:55 | DS_Tortafuller · wall_segment Palisade Wall x1 |
| 14:37 | DS_Tortafuller · wall_segment Palisade Wall x1 |
| 17:35 | DS_Tortafuller · wall_segment Palisade Wall x1 |
| 17:37 | DS_Tortafuller · wall_segment Palisade Wall x1 |
| 19:15 | Chdid · first_market_buy 100 food |
| 21:18 | DS_Tortafuller · age_up castle |
| 21:43 | DS_Tortafuller · first_building Siege Workshop |
| 21:57 | Chdid · age_up castle |
| 26:40 | Chdid · first_building Castle |
| 31:04 | Chdid · first_building Siege Workshop |
| 31:34 | Chdid · first_market_sell 100 stone |
| 32:41 | DS_Tortafuller · first_building Castle |
| 34:48 | DS_Tortafuller · wall_segment Palisade Wall x1 |
| 34:49 | DS_Tortafuller · wall_segment Palisade Wall x1 |
| 37:22 | DS_Tortafuller · age_up imperial |
| 38:48 | DS_Tortafuller · wall_segment Palisade Wall x6 |
| 39:49 | Chdid · age_up imperial |
| 44:19 | Chdid · resign |
[ AI ANALYSIS · 1 CREDIT ]
What really happened in this match?
Wolo.gg analyzes every decision: build order, eco, micro, common mistakes by bracket. Personalized analysis on WhatsApp or Discord in 30 seconds.
Civ guide
Hindustanis
Perfil
Jugador #5540767